 Dungeon Crawl Stone Soup version 0.28-a0-1147-gc7b72d3202 (webtiles) character file.

Game seed: 5827475233311999567

105 GenialerGandalf the Covered (level 4, 0/40 HPs)
             Began as a Hill Orc Fighter on Dec 14, 2021.
             Was an Initiate of Beogh.
             Slain by a gnoll (2 damage)
             ... on level 4 of the Dungeon.
             The game lasted 00:13:25 (2508 turns).

GenialerGandalf the Covered (Hill Orc Fighter)      Turns: 2508, Time: 00:13:27

Health: 0/40       AC: 12    Str: 20    XL:     4   Next: 81%
Magic:  4/4        EV:  9    Int:  8    God:    Beogh [......]
Gold:   93         SH:  4    Dex: 10    Spells: 3/3 levels left

rFire   . . .      SeeInvis .   a - +0 war axe
rCold   . . .      Faith    .   c - +0 buckler
rNeg    . . .      Spirit   .   i - +4 scale mail
rPois   .          Reflect  .   o - +0 helmet
rElec   .          Harm     .   (no cloak)
rCorr   +          Rampage  .   (no gloves)
Will    .....                   (no boots)
Stlth   ..........              (no amulet)
HPRegen 0.13/turn               j - ring of resist corrosion
MPRegen 0.09/turn               (no ring)

@: mighty
A: no striking features
a: Renounce Religion


You were on level 4 of the Dungeon.
You worshipped Beogh.
Beogh was noncommittal.
You visited 1 branch of the dungeon, and saw 4 of its levels.

You collected 93 gold pieces.

Inventory:

Hand Weapons
 a - a +0 war axe (weapon)
Armour
 b - a +0 scale mail
 c - a +0 buckler (worn)
 i - a +4 scale mail (worn)
 o - a +0 helmet (worn)
Magical Staves
 l - a staff of conjuration
Jewellery
 j - a ring of resist corrosion (left hand)
Wands
 r - a wand of flame (14)
Scrolls
 e - a scroll of silence {unknown}
 g - a scroll of torment {unknown}
 k - a scroll of amnesia {unknown}
 n - a scroll of immolation {unknown}
 p - a scroll of fear {unknown}
 q - a scroll of identify {unknown}
Potions
 f - 3 potions of heal wounds {unknown}
 h - a potion of invisibility {unknown}
 m - a potion of flight {unknown}


   Skills:
 + Level 4.2 Fighting
 + Level 3.9 Axes
 + Level 4.6 Armour
 + Level 0.4 Dodging
 + Level 3.5 Shields


You had 3 spell levels left.
You didn't know any spells.
Your spell library contained the following spells:

 Spells                   Type           Power      Damage    Failure   Level
 Sting                    Tmut/Pois      0%         1d3       77%         1
 Poisonous Vapours        Pois/Air       0%         N/A       88%         2
 Olgreb's Toxic Radiance  Pois           0%         N/A       100%        4


Dungeon Overview and Level Annotations

Branches:
Dungeon (4/15)
 Temple: D:4-7

Altars:
Qazlal

Shops:
D:2 (

Annotations:
D:3 Grinder, Sigmund


Message History

There is a stone staircase leading up here.
The hobgoblin misses you.
You hit the hobgoblin but do no damage. You hit the gnoll.
The gnoll hits you with a +0 flail.
* * * LOW HITPOINT WARNING * * *
A ball python comes into view.
The hobgoblin closely misses you.
You barely miss the hobgoblin. You closely miss the gnoll.
The ball python hisses angrily.
The gnoll hits you but does no damage. You block the hobgoblin's attack.
The gnoll barely misses you.
You hit the hobgoblin but do no damage. You hit the gnoll.
The hobgoblin barely misses you. The gnoll hits you but does no damage.
The hobgoblin hits you but does no damage.
You barely miss the gnoll.
The gnoll is heavily wounded.
You hit the hobgoblin. The gnoll hits you but does no damage.
You block the hobgoblin's attack.
Aiming: Throw Flame
Press: ? - help, Q - select action Shift-Dir - straight line, f - hobgoblin
Aim: a hobgoblin (heavily wounded, 68% to hit)
Okay, then.
You feel very mighty all of a sudden. The gnoll completely misses you.
The hobgoblin hits you but does no damage.
You slash the gnoll!
The gnoll is almost dead.
You closely miss the hobgoblin. You barely miss the ball python.
The ball python completely misses you. The ball python grabs you.
The ball python constricts you. You block the gnoll's attack.
The hobgoblin hits you but does no damage.
The ball python barely misses you. The ball python constricts you.
* * * LOW HITPOINT WARNING * * *
You closely miss the gnoll.
The gnoll is almost dead.
You barely miss the hobgoblin. You slash the ball python!
You kill the ball python!
Beogh accepts your kill. The gnoll hits you with a +0 flail.
You die...

#...........
#...........
##.<.......
#..........
###...<.###
#........##
##.........#
#.gg...#....
#.@#..###..#
####### #(.
..


You could see a gnoll and a hobgoblin.

Vanquished Creatures
  Terence (D:2)
  A gnoll (D:3)
  An adder (D:2)
  3 worms
  3 orcs (D:3)
  3 ball pythons
  5 endoplasms
  2 giant cockroaches
  9 goblins
  4 hobgoblins
  3 kobolds
  A quokka (D:3)
  7 bats
  3 frilled lizards (D:2)
  5 rats
  A bush (D:1)
52 creatures vanquished.

Vanquished Creatures (others)
  An orc priest (D:3)
  2 orcs (D:3)
  A bat (D:3)
  A rat (D:3)
5 creatures vanquished.

Grand Total: 57 creatures vanquished

Notes
Turn   | Place    | Note
-------+----------+-------------------------------------------
     0 | D:1      | GenialerGandalf the Hill Orc Fighter began the quest for
                  | the Orb.
     0 | D:1      | Reached XP level 1. HP: 19/19 MP: 1/1
   178 | D:1      | Reached XP level 2. HP: 15/27 MP: 2/2
   436 | D:1      | Found a faded altar of an unknown god.
   775 | D:1      | Reached XP level 3. HP: 31/33 MP: 3/3
  1093 | D:2      | Found a stormy altar of Qazlal.
  1389 | D:2      | Noticed Terence
  1412 | D:2      | Killed Terence
  1413 | D:2      | Reached XP level 4. HP: 20/40 MP: 4/4
  1597 | D:2      | Found Budear's Weapon Shop.
  2131 | D:3      | Became a worshipper of Beogh the Brigand
  2166 | D:3      | Noticed Grinder
  2468 | D:3      | Noticed Sigmund
  2499 | D:4      | HP: 1/40 [gnoll (5)]
  2507 | D:4      | HP: 2/40 [constriction (1)]
  2508 | D:4      | Slain by a gnoll

Illustrated notes

Levels and vault maps discovered:
D:1:      sevenhm_arrival_forest_fort_small_4, layout_rooms,
          basic_ecumenical_altar, minmay_circled_x
D:2:      layout_basic, basic_altar, serial_shops, nicolae_diamond_shop,
          uniq_terence
D:3:      layout_loops_ring, minmay_misc_feat_encased, minmay_misc_feat_alley,
          minmay_increasing_density, uniq_sigmund, uniq_grinder
D:4:      layout_cave_pools, ebering_ghost_sewer_f,
          cheibrodos_sewer_entry_sluice, minmay_crystal_room,
          nicolae_underground_beach, uniq_crazy_yiuf_cottage, uniq_duvessa,
          uniq_blork_the_orc

Skill      XL: |  1  2  3 |
---------------+----------+-----
Axes           | 3 |  3.9
Fighting       | 4 |  4.2
Armour         | 4 |  4.6
Dodging        | |  0.4
Shields        | |  3.5

Action                   |  1- 3 |  4- 6 || total
-------------------------+-------+-------++-------
Melee: War axe           |   172 |    68 ||   240
Invok: Convert to Beogh  |       |     1 ||     1
  Use: Potion            |       |     1 ||     1
Armor: Scale mail        |    65 |    66 ||   131
Dodge: Dodged            |    52 |    53 ||   105
Block: Buckler           |    21 |    27 ||    48

Table legend: (Time is in decaauts)
 A = Elapsed time spent in this place.
 B = Non-inter-level travel time spent in this place.
 C = Inter-level travel time spent in this place.
 D = Time resting spent in this place.
 E = Time spent auto-exploring this place.
 F = Levels seen in this place.
 G = Mean time per level.
                   A        B        C        D        E       F      G
               +--------+--------+--------+--------+--------+-----+--------+
         Total |   2603 |   2573 |     30 |    190 |    881 |   4 |  650.8 |
       Dungeon |   2603 |   2573 |     30 |    190 |    881 |   4 |  650.8 |
               +--------+--------+--------+--------+--------+-----+--------+

Top non-repeatable levels by time:
     D:2: 1449 daAuts
     D:1: 918 daAuts
     D:3: 221 daAuts
     D:4: 14 daAuts
